 Dungeon Crawl Stone Soup version 0.29.0-4-gdea44cf6ec (webtiles) character file.

Game seed: 14550141336227078035

172 qw the Chopper (level 5, -2/42 HPs)
             Began as a Ghoul Summoner on Sept 10, 2022.
             Slain by a gnoll
             ... wielding a +1 halberd of protection
              (14 damage)
             ... on level 3 of the Dungeon.
             The game lasted 00:01:11 (5349 turns).

qw the Chopper (Ghoul Summoner)                     Turns: 5349, Time: 00:01:12

Health: -2/42      AC:  5    Str: 19    XL:     5   Next: 53%
Magic:  6/6        EV: 11    Int: 10    God:
Gold:   54         SH:  0    Dex:  9    Spells: 6/7 levels left

rFire   . . .      SeeInvis .   Y - +2 hand axe (chaos)
rCold   + . .      Faith    +   (no shield)
rNeg    + + +      Spirit   .   g - +0 ring mail
rPois   inf        Reflect  .   (no helmet)
rElec   .          Harm     .   (no cloak)
rCorr   .          Rampage  .   (no gloves)
Will    .....      NoCast   +   (no boots)
Stlth   ++........              a - amulet "Kaaff" {Faith -Cast Fly Str+5 Stlth+}
HPRegen 0.00/turn               (no ring)
MPRegen 0.10/turn               (no ring)

@: flying, inhibited regen
A: claws 1, cold resistance 1, negative energy resistance 3, inhibited
regeneration, torment resistance 2, devour on kill
a: no special abilities


You were on level 3 of the Dungeon.
You visited 1 branch of the dungeon, and saw 3 of its levels.

You collected 54 gold pieces.


Innate Abilities, Weirdness & Mutations

You are immune to poison.
You have sharp fingernails.
Your flesh is cold resistant. (rC+)
You are immune to negative energy. (rN+++)
You do not regenerate when monsters are visible.
You are immune to unholy pain and torment.
You thrive by killing the living.


   Skills:
 + Level 2.4 Fighting
 - Level 4.0 Axes
 - Level 1.7 Dodging
 - Level 2.1 Stealth
 - Level 1.7 Spellcasting
 - Level 3.6 Summonings


You had 6 spell levels left.
You knew the following spells:

 Your Spells              Type           Power      Damage    Failure   Level
a - Summon Small Mammal   Summ           32%        N/A       13%         1

Your spell library contained the following spells:

 Spells                   Type           Power      Damage    Failure   Level
 Call Imp                 Summ           8%         N/A       19%         2
 Call Canine Familiar     Summ           8%         N/A       36%         3
 Summon Guardian Golem    Hex/Summ       4%         N/A       63%         3
 Summon Lightning Spire   Summ/Air       4%         N/A       95%         4

Inventory:

Hand Weapons
 e - a +0 flail
 Y - a +2 hand axe of chaos (weapon)
Missiles
 l - 4 boomerangs (quivered)
Armour
 g - a +0 ring mail (worn)
Jewellery
 a - the amulet "Kaaff" (around neck) {Faith -Cast Fly Str+5 Stlth+}
   (You acquired it on level 2 of the Dungeon)

   [amulet of faith]

   It allows you to gain divine favour quickly.
   Str:       It affects your strength (+5).
   Fly:       It grants you flight.
   -Cast:     It prevents spellcasting.
   Stlth:     It makes you more stealthy.
Scrolls
 b - a scroll of identify
 c - 3 scrolls of teleportation
Potions
 h - a potion of brilliance {unknown}
 i - a potion of attraction {unknown}
 m - a potion of heal wounds

Dungeon Overview and Level Annotations

Branches:
Dungeon (3/15)

Altars:


Message History

You throw a boomerang. The boomerang hits the gnoll.
The gnoll is moderately wounded.
5339 ||| CASTING Summon Small Mammal Something interferes with your magic!
Throw: 4 boomerangs
Press: ? - help, Q - select action Shift-Dir - straight line, f/p - gnoll You throw a boomerang.
The boomerang barely misses the gnoll.
A gnoll comes into view.
It is wielding a +1 halberd of protection.
A gnoll comes into view. It is wielding a +0 flail.
You barely miss the gnoll.
The gnoll is moderately wounded.
The gnoll shouts!
The gnoll hits you but does no damage.
You hit the gnoll. You freeze the gnoll.
The gnoll is heavily wounded.
The gnoll closely misses you.
A rat comes into view.
You closely miss the gnoll.
The gnoll is heavily wounded.
The gnoll hits you but does no damage. The gnoll barely misses you.
You hit the gnoll.
The gnoll resists with some effort.
The gnoll is almost dead.
The gnoll hits you with a +0 club.
The gnoll hits you from afar with a +1 halberd of protection!
You barely miss the gnoll.
The gnoll is almost dead.
The gnoll hits you with a +0 club.
The gnoll hits you from afar with a +1 halberd of protection.
The rat twitches its whiskers.
You slash the gnoll! Lightning courses through the gnoll!
You kill the gnoll!
The gnoll closely misses you.
The gnoll hits you with a +1 halberd of protection!
Things that are here:
a +0 club; a gnoll corpse You hit the gnoll but do no damage.
The gnoll goes berserk!
The gnoll barely misses you. x2
You closely miss the gnoll.
The gnoll hits you with a +1 halberd of protection!
You die...

#.8.}.8.###.......#
........#.........#
###.#.##.......#..#
....####.#.##
.#.####.#####.#.#
.........)....#.#
.#.####.#######.#
#.# #.# #@# .# #g#
#g# #r# #.# #.# ..#
...


You could see 2 gnolls and a rat.

Vanquished Creatures
  Natasha (thrice) (D:2)
  A gnoll (D:3)
  3 adders (D:2)
  2 dart slugs (D:1)
  An orc (D:3)
  4 ball pythons
  2 bats
  2 endoplasms (D:2)
  3 giant cockroaches
  2 goblins (D:2)
  3 hobgoblins
  12 jackals (D:2)
  3 quokkas (D:1)
  A frilled lizard (D:2)
  A kobold (D:2)
43 creatures vanquished.

Vanquished Creatures (collateral kills)
  An endoplasm (D:2)
  A giant cockroach (D:2)
  2 goblins
  2 jackals (D:1)
  2 frilled lizards (D:2)
  2 rats (D:1)
10 creatures vanquished.

Grand Total: 53 creatures vanquished

Notes
Turn   | Place    | Note
-------+----------+-------------------------------------------
     0 | D:1      | qw the Ghoul Summoner began the quest for the Orb.
     0 | D:1      | Reached XP level 1. HP: 14/14 MP: 2/2
     0 | D:1      | 0 ||| qw: Version: 0.1-a-116-g5d60599
     0 | D:1      | 0 ||| qw: Game counter: 7487
     0 | D:1      | 0 ||| qw: Always use a shield: true
     0 | D:1      | 0 ||| qw: God list: Okawaru
     0 | D:1      | 0 ||| qw: Allow faded altars: false
     0 | D:1      | 0 ||| qw: Do Orc after D:15 true
     0 | D:1      | 0 ||| qw: Do second Lair branch before Depths: true
     0 | D:1      | 0 ||| qw: Lair rune preference: random
     0 | D:1      | 0 ||| qw: Plans: Normal
     0 | D:1      | 0 ||| PLANNING D:1-11
     6 | D:1      | 6 ||| Wielding weapon +1 vorpal hand axe.
    93 | D:1      | 93 ||| Stepping ~*~*~tactically~*~*~ (hiding).
    94 | D:1      | 94 ||| CASTING Summon Small Mammal
    95 | D:1      | 95 ||| CASTING Summon Small Mammal
   120 | D:1      | 120 ||| CASTING Summon Small Mammal
   121 | D:1      | 121 ||| CASTING Summon Small Mammal
   125 | D:1      | Reached skill level 1 in Axes
   163 | D:1      | 163 ||| CASTING Summon Small Mammal
   164 | D:1      | 164 ||| CASTING Summon Small Mammal
   252 | D:1      | 252 ||| CASTING Summon Small Mammal
   253 | D:1      | 253 ||| CASTING Summon Small Mammal
   258 | D:1      | Reached skill level 1 in Fighting
   258 | D:1      | Reached XP level 2. HP: 19/23 MP: 0/3
   388 | D:1      | 388 ||| CASTING Summon Small Mammal
   389 | D:1      | 389 ||| CASTING Summon Small Mammal
   390 | D:1      | 390 ||| CASTING Summon Small Mammal
   564 | D:1      | 564 ||| Stepping ~*~*~tactically~*~*~ (hiding).
   666 | D:1      | 666 ||| Stepping ~*~*~tactically~*~*~ (hiding).
   671 | D:1      | 671 ||| CASTING Summon Small Mammal
   718 | D:1      | 718 ||| CASTING Summon Small Mammal
   719 | D:1      | 719 ||| CASTING Summon Small Mammal
   720 | D:1      | 720 ||| CASTING Summon Small Mammal
   764 | D:1      | 764 ||| CASTING Summon Small Mammal
   765 | D:1      | 765 ||| CASTING Summon Small Mammal
   766 | D:1      | 766 ||| CASTING Summon Small Mammal
   855 | D:1      | 855 ||| CASTING Summon Small Mammal
   856 | D:1      | 856 ||| CASTING Summon Small Mammal
   857 | D:1      | 857 ||| CASTING Summon Small Mammal
   965 | D:1      | 965 ||| CASTING Summon Small Mammal
   966 | D:1      | 966 ||| CASTING Summon Small Mammal
   967 | D:1      | 967 ||| CASTING Summon Small Mammal
   980 | D:1      | 980 ||| CASTING Summon Small Mammal
  1110 | D:1      | 1110 ||| CASTING Summon Small Mammal
  1111 | D:1      | 1111 ||| CASTING Summon Small Mammal
  1112 | D:1      | 1112 ||| CASTING Summon Small Mammal
  1268 | D:1      | 1268 ||| CASTING Summon Small Mammal
  1269 | D:1      | 1269 ||| CASTING Summon Small Mammal
  1270 | D:1      | 1270 ||| CASTING Summon Small Mammal
  1323 | D:1      | 1323 ||| CASTING Summon Small Mammal
  1324 | D:1      | 1324 ||| CASTING Summon Small Mammal
  1325 | D:1      | 1325 ||| CASTING Summon Small Mammal
  1447 | D:1      | 1447 ||| READING 3 scrolls labelled ATUMIJAAGI.
  1451 | D:1      | 1451 ||| READING scroll labelled MARUOH ITHI.
  1452 | D:1      | 1452 ||| READING scroll labelled CAVATR ARUGUUJU.
  1453 | D:1      | 1453 ||| DROPPING potion of magic.
  1469 | D:2      | 1469 ||| CASTING Summon Small Mammal
  1470 | D:2      | 1470 ||| CASTING Summon Small Mammal
  1471 | D:2      | 1471 ||| CASTING Summon Small Mammal
  1475 | D:2      | Reached XP level 3. HP: 28/28 MP: 0/4
  1481 | D:2      | Reached skill level 2 in Axes
  1493 | D:2      | 1493 ||| CASTING Summon Small Mammal
  1494 | D:2      | 1494 ||| CASTING Summon Small Mammal
  1557 | D:2      | 1557 ||| Stepping ~*~*~tactically~*~*~ (hiding).
  1659 | D:2      | 1659 ||| Stepping ~*~*~tactically~*~*~ (hiding).
  1661 | D:2      | 1661 ||| Stepping ~*~*~tactically~*~*~ (hiding).
  1663 | D:2      | 1663 ||| CASTING Summon Small Mammal
  1665 | D:2      | 1665 ||| CASTING Summon Small Mammal
  1666 | D:2      | 1666 ||| CASTING Summon Small Mammal
  1667 | D:2      | 1667 ||| CASTING Summon Small Mammal
  1732 | D:2      | 1732 ||| CASTING Summon Small Mammal
  1733 | D:2      | 1733 ||| CASTING Summon Small Mammal
  1734 | D:2      | 1734 ||| CASTING Summon Small Mammal
  1735 | D:2      | 1735 ||| CASTING Summon Small Mammal
  1864 | D:2      | 1864 ||| CASTING Summon Small Mammal
  1865 | D:2      | 1865 ||| Stepping ~*~*~tactically~*~*~ (stealth).
  1866 | D:2      | 1866 ||| Stepping ~*~*~tactically~*~*~ (stealth).
  1867 | D:2      | 1867 ||| CASTING Summon Small Mammal
  1868 | D:2      | 1868 ||| CASTING Summon Small Mammal
  1869 | D:2      | 1869 ||| CASTING Summon Small Mammal
  1917 | D:2      | 1917 ||| CASTING Summon Small Mammal
  1918 | D:2      | 1918 ||| CASTING Summon Small Mammal
  1919 | D:2      | 1919 ||| CASTING Summon Small Mammal
  1920 | D:2      | 1920 ||| CASTING Summon Small Mammal
  1932 | D:2      | 1932 ||| CASTING Summon Small Mammal
  2022 | D:2      | 2022 ||| CASTING Summon Small Mammal
  2023 | D:2      | 2023 ||| CASTING Summon Small Mammal
  2024 | D:2      | 2024 ||| CASTING Summon Small Mammal
  2025 | D:2      | 2025 ||| CASTING Summon Small Mammal
  2070 | D:2      | 2070 ||| CASTING Summon Small Mammal
  2071 | D:2      | 2071 ||| CASTING Summon Small Mammal
  2072 | D:2      | 2072 ||| CASTING Summon Small Mammal
  2073 | D:2      | 2073 ||| CASTING Summon Small Mammal
  2093 | D:2      | Reached XP level 4. HP: 21/36 MP: 2/5
  2267 | D:2      | 2267 ||| CASTING Summon Small Mammal
  2268 | D:2      | 2268 ||| CASTING Summon Small Mammal
  2269 | D:2      | 2269 ||| CASTING Summon Small Mammal
  2270 | D:2      | 2270 ||| CASTING Summon Small Mammal
  2271 | D:2      | 2271 ||| CASTING Summon Small Mammal
  2435 | D:2      | Noticed Natasha
  2436 | D:2      | 2436 ||| Stepping ~*~*~tactically~*~*~ (hiding).
  2538 | D:2      | 2538 ||| Stepping ~*~*~tactically~*~*~ (hiding).
  2640 | D:2      | 2640 ||| Stepping ~*~*~tactically~*~*~ (hiding).
  2742 | D:2      | 2742 ||| Stepping ~*~*~tactically~*~*~ (hiding).
  2844 | D:2      | 2844 ||| Stepping ~*~*~tactically~*~*~ (hiding).
  2946 | D:2      | 2946 ||| Stepping ~*~*~tactically~*~*~ (hiding).
  3048 | D:2      | 3048 ||| Stepping ~*~*~tactically~*~*~ (hiding).
  3150 | D:2      | 3150 ||| Stepping ~*~*~tactically~*~*~ (hiding).
  3252 | D:2      | 3252 ||| Stepping ~*~*~tactically~*~*~ (hiding).
  3354 | D:2      | 3354 ||| Stepping ~*~*~tactically~*~*~ (hiding).
  3456 | D:2      | 3456 ||| Stepping ~*~*~tactically~*~*~ (hiding).
  3558 | D:2      | 3558 ||| Stepping ~*~*~tactically~*~*~ (hiding).
  3660 | D:2      | 3660 ||| Stepping ~*~*~tactically~*~*~ (hiding).
  3762 | D:2      | 3762 ||| Stepping ~*~*~tactically~*~*~ (hiding).
  3864 | D:2      | 3864 ||| Stepping ~*~*~tactically~*~*~ (hiding).
  3966 | D:2      | 3966 ||| Stepping ~*~*~tactically~*~*~ (hiding).
  4068 | D:2      | 4068 ||| Stepping ~*~*~tactically~*~*~ (hiding).
  4170 | D:2      | 4170 ||| Stepping ~*~*~tactically~*~*~ (hiding).
  4173 | D:2      | 4173 ||| CASTING Summon Small Mammal
  4176 | D:2      | 4176 ||| CASTING Summon Small Mammal
  4186 | D:2      | Killed Natasha
  4187 | D:2      | Reached skill level 3 in Axes
  4269 | D:2      | 4269 ||| CASTING Summon Small Mammal
  4270 | D:2      | 4270 ||| CASTING Summon Small Mammal
  4271 | D:2      | 4271 ||| CASTING Summon Small Mammal
  4272 | D:2      | 4272 ||| CASTING Summon Small Mammal
  4273 | D:2      | 4273 ||| CASTING Summon Small Mammal
  4284 | D:2      | Noticed Natasha
  4284 | D:2      | 4284 ||| CASTING Summon Small Mammal
  4294 | D:2      | HP: 8/36 [shadow imp[Natasha] (3)]
  4295 | D:2      | 4295 ||| READING 3 scrolls of teleportation.
  4296 | D:2      | Killed Natasha
  4297 | D:2      | Reached XP level 5. HP: 13/41 MP: 1/6
  4534 | D:2      | Noticed Natasha
  4536 | D:2      | 4536 ||| Stepping ~*~*~tactically~*~*~ (hiding).
  4551 | D:2      | Killed Natasha
  4845 | D:2      | 4845 ||| CASTING Summon Small Mammal
  4846 | D:2      | 4846 ||| CASTING Summon Small Mammal
  4847 | D:2      | 4847 ||| CASTING Summon Small Mammal
  4848 | D:2      | 4848 ||| CASTING Summon Small Mammal
  4849 | D:2      | 4849 ||| CASTING Summon Small Mammal
  4850 | D:2      | 4850 ||| CASTING Summon Small Mammal
  4854 | D:2      | 4854 ||| CASTING Summon Small Mammal
  5056 | D:2      | 5056 ||| CASTING Summon Small Mammal
  5084 | D:2      | 5084 ||| CASTING Summon Small Mammal
  5085 | D:2      | 5085 ||| CASTING Summon Small Mammal
  5086 | D:2      | 5086 ||| CASTING Summon Small Mammal
  5087 | D:2      | 5087 ||| CASTING Summon Small Mammal
  5088 | D:2      | 5088 ||| CASTING Summon Small Mammal
  5089 | D:2      | 5089 ||| CASTING Summon Small Mammal
  5101 | D:2      | Reached skill level 4 in Axes
  5223 | D:2      | 5223 ||| UPGRADING to +0 ring mail.
  5233 | D:2      | 5233 ||| DROPPING +0 robe.
  5234 | D:2      | 5234 ||| DROPPING ring of magical power.
  5235 | D:2      | 5235 ||| DROPPING +6 ring of intelligence.
  5236 | D:2      | 5236 ||| DROPPING ring of flight.
  5237 | D:2      | 5237 ||| READING scroll labelled QUODAST PIUC.
  5238 | D:2      | 5238 ||| READING 2 scrolls labelled IXAJUC KIHANG.
  5239 | D:2      | 5239 ||| READING scroll of brand weapon.
  5239 | D:2      | 5239 ||| BRANDING +2 hand axe of venom.
  5240 | D:2      | 5240 ||| READING scroll labelled TAIGOC ZOSTI.
  5241 | D:2      | 5241 ||| READING scroll labelled XIHEBB GIPUM.
  5242 | D:2      | 5242 ||| READING scroll labelled ZONUCK HOSUEW.
  5242 | D:2      | Identified a scroll of acquirement
  5242 | D:2      | 5242 ||| ACQUIRING amulet "Kaaff" {Faith -Cast Fly Str+5
                  | Stlth+}
  5242 | D:2      | Acquired the amulet "Kaaff" {Faith -Cast Fly Str+5 Stlth+}
  5244 | D:2      | 5244 ||| UPGRADING to amulet "Kaaff" {Faith -Cast Fly Str+5
                  | Stlth+}.
  5249 | D:2      | 5249 ||| READING scroll labelled QEDGHA DOUPH.
  5250 | D:2      | 5250 ||| DRINKING 2 silvery potions.
  5251 | D:2      | 5251 ||| READING 2 scrolls of identify.
  5251 | D:2      | 5251 ||| IDENTIFYING fizzy silvery potion
  5252 | D:2      | 5252 ||| DROPPING potion of berserk rage.
  5281 | D:3      | Found a faded altar of an unknown god.
  5282 | D:3      | 5282 ||| STAIRDANCE
  5288 | D:3      | 5288 ||| STAIRDANCE
  5333 | D:3      | 5333 ||| DROPPING +0 mace.
  5337 | D:3      | 5337 ||| CASTING Summon Small Mammal
  5338 | D:3      | 5338 ||| CASTING Summon Small Mammal
  5339 | D:3      | 5339 ||| CASTING Summon Small Mammal
  5349 | D:3      | Slain by a gnoll

Levels and vault maps discovered:
D:1:      ncdulo_smallfort, layout_loops_ring
D:2:      layout_basic, minmay_tetromino_i2, uniq_natasha
D:3:      cheibrodos_old_hovel, layout_basic, lemuel_round_altar,
          hellmonk_ecumenical_altar_dog_temple, kennysheep_another_room,
          small_statue_intersection, minmay_misc_feat_square, uniq_robin

Skill      XL: |  1  2  3  4  5 |
---------------+----------------+-----
Axes           | 1 2 3 4 |  4.0
Fighting       | 1 2 |  2.4
Dodging        | |  1.7
Stealth        | |  2.1
Spellcasting   | |  1.7
Summonings     | |  3.6

Action                   |  1- 3 |  4- 6 || total
-------------------------+-------+-------++-------
Melee: Hand axe          |    83 |    76 ||   159
Throw: Boomerang         |     1 |     5 ||     6
 Cast: Summon Small Mamm |    58 |    25 ||    83
  Use: Scroll            |     3 |     9 ||    12
       Potion            |       |     1 ||     1
Armor: Robe              |    10 |     6 ||    16
       Ring mail         |       |     8 ||     8
Dodge: Dodged            |    58 |    57 ||   115

Table legend:
 A = Non-vault XP
 B = Vault XP
 C = Vault XP percentage of total XP
 D = Non-vault monster count
 E = Vault monster count
 F = Vault count percentage of total count
                 A         B        C        D         E       F
            +---------+---------+-------+---------+---------+-------
      Total |     205 |      42 |  17.0 |      48 |       5 |   9.4
            +---------+---------+-------+---------+---------+-------
        D:1 |      33 |       0 |   0.0 |      16 |       0 |   0.0
        D:2 |     155 |      42 |  21.3 |      30 |       5 |  14.3
        D:3 |      17 |       0 |   0.0 |       2 |       0 |   0.0
            +---------+---------+-------+---------+---------+-------
